 Dungeon Crawl Stone Soup version 0.31-a0-175-g9f7f995f2b (webtiles) character file.

Game seed: 865881805503659680

139 qw the Chopper (level 5, 0/32 HPs)
             Began as a Gargoyle Fighter on June 16, 2023.
             Slain by a gnoll
             ... wielding a +2 flail of venom
              (10 damage)
             ... on level 2 of the Dungeon.
             The game lasted 00:01:03 (1765 turns).

qw the Chopper (Gargoyle Fighter)                   Turns: 1765, Time: 00:01:04

Health: 0/32       AC: 10    Str: 21    XL:     5   Next: 22%
Magic:  5/5        EV:  9    Int:  9    God:
Gold:   102        SH:  4    Dex:  9    Spells: 4/4 levels left

rFire   . . .        Y - +2 war axe
rCold   . . .        c - +0 buckler
rNeg    + . .        b - +0 scale mail
rPois   inf          (no helmet)
rElec   +            (no cloak)
rCorr   .            (no gloves)
SInv    .            (no boots)
Will    .....        e - amulet of the acrobat Stlth
                     (no ring)
HPRegen 0.25/turn    (no ring)
MPRegen 0.09/turn

%: acrobat
@: no status effects
A: sickness immunity, AC +4, negative energy resistance 1, electricity
resistance, torment resistance 1, petrification resistance
a: no special abilities


You were on level 2 of the Dungeon.
You visited 1 branch of the dungeon, and saw 2 of its levels.

You collected 102 gold pieces.


Innate Abilities, Weirdness & Mutations

You are immune to sickness and miasma.
Your stone body is resilient. (AC +4)
You are immune to poison.
You resist negative energy. (rN+)
You are resistant to electric shocks. (rElec)
You are resistant to unholy torment.
You are immune to petrification.


   Skills:
 - Level 3.2 Fighting
 + Level 4.8 Axes
 - Level 3.2 Armour
 - Level 3.2 Shields


You had 4 spell levels left.
You didn't know any spells.
Your spell library was empty.

Inventory:

Hand Weapons
 o - a +0 mace
 Y - a +2 war axe (weapon)
Armour
 b - a +0 scale mail (worn)
 c - a +0 buckler (worn)
 g - a +0 plate armour
Jewellery
 e - an amulet of the acrobat (around neck)
 l - an amulet of guardian spirit
Scrolls
 f - 2 scrolls of identify
 h - a scroll of revelation {unknown}
 k - a scroll of teleportation {unknown}
 m - a scroll of poison {unknown}
 n - a scroll of butterflies {unknown}
Potions
 a - a potion of mutation {unknown}
 d - a potion of might
 i - a potion of lignification
 j - 2 potions of berserk rage {unknown}

Dungeon Overview and Level Annotations

Branches:
Dungeon (2/15)

Altars:


Message History

The gnoll completely misses you. The gnoll hits you with a +0 whip.
You slash the gnoll!
The gnoll is almost dead.
The gnoll hits you but does no damage.
You slash the gnoll!
You kill the gnoll!
The gnoll misses you. The gnoll closely misses you.
You see here a +0 whip.
You slash the gnoll!
The gnoll is severely wounded.
You hit the gnoll.
The gnoll hits you but does no damage. x2
You closely miss the gnoll.
The gnoll is severely wounded.
You hit the gnoll.
The gnoll hits you with a +2 flail of venom.
The gnoll hits you but does no damage. The gnoll closely misses you.
The gnoll hits you with a +0 spear.
You slash the gnoll!
You kill the gnoll!
You hit the gnoll. The gnoll barely misses you.
You closely miss the gnoll.
The gnoll is heavily wounded.
The gnoll misses you.
You closely miss the gnoll.
The gnoll is heavily wounded.
The gnoll hits you with a +2 flail of venom!
You block the gnoll's attack.
You hit the gnoll.
The gnoll is severely wounded.
The gnoll closely misses you.
You barely miss the gnoll.
The gnoll is severely wounded.
You block the gnoll's attack.
You hit the gnoll but do no damage.
The gnoll is severely wounded.
The gnoll hits you with a +2 flail of venom.
The gnoll hits you with a +2 flail of venom!
You die...

#.# #.........#####.## #.#
##...<..........<.. #.#
#................#. #[#
##.##...#.#####...# ##.##
#.##...#.# #..##
#...########.##...#.# #..##
#......)........)...# #..##
#...##)#....g).....## #..##
######.#..##@#####.######..##
#.#..##.#####.........#
#.#..##....##.###.##..#
#.#..#####.##.# #.##..#
#####.#..# #..#.###)##..#
#........# ##.#.##.<.#..#
#.###.##.# #.#.#..)....# #.#
#.##.# #.#.......#.##
###.###.##.######.#......###.#


You could see a gnoll.

Vanquished Creatures
  5 gnolls (D:2)
  3 adders (D:2)
  3 dart slugs
  4 bats
  7 endoplasms
  3 giant cockroaches
  5 goblins
  2 hobgoblins
  3 jackals (D:1)
  3 quokkas
  4 ball pythons
  7 frilled lizards
  7 kobolds
  2 rats
58 creatures vanquished.

Notes
Turn   | Place    | Note
-------+----------+-------------------------------------------
     0 | D:1      | qw the Gargoyle Fighter began the quest for the Orb.
     0 | D:1      | Reached XP level 1. HP: 14/14 MP: 1/1
     0 | D:1      | 0 ||| qw: Version: 0.2-a-29-g511e9b1
     0 | D:1      | 0 ||| qw: Game counter: 5881
     0 | D:1      | 0 ||| qw: Always use a shield: true
     0 | D:1      | 0 ||| qw: God list: Okawaru
     0 | D:1      | 0 ||| qw: Allow faded altars: false
     0 | D:1      | 0 ||| qw: Do Orc after D:15 true
     0 | D:1      | 0 ||| qw: Do second Lair branch before Depths: true
     0 | D:1      | 0 ||| qw: Lair rune preference: random
     0 | D:1      | 0 ||| qw: Plans: Normal, Zot:1-4, Slime:5, God:TSO, Crypt,
                  | Tomb, Abyss, Pan, Hells, Win
     0 | D:1      | 0 ||| PLANNING D:1-11
   176 | D:1      | Reached skill level 2 in Axes
   198 | D:1      | 198 ||| DROPPING +0 club.
   255 | D:1      | Reached XP level 2. HP: 16/19 MP: 2/2
   315 | D:1      | 315 ||| Stepping ~*~*~tactically~*~*~ (stealth).
   316 | D:1      | 316 ||| Stepping ~*~*~tactically~*~*~ (stealth).
   320 | D:1      | 320 ||| Stepping ~*~*~tactically~*~*~ (stealth).
   404 | D:1      | Reached skill level 3 in Axes
   417 | D:1      | 417 ||| DROPPING orb of wrath.
   418 | D:1      | 418 ||| UPGRADING to amulet of the acrobat.
   430 | D:1      | Reached XP level 3. HP: 23/23 MP: 3/3
   465 | D:1      | 465 ||| Stepping ~*~*~tactically~*~*~ (stealth).
   648 | D:1      | 648 ||| Stepping ~*~*~tactically~*~*~ (stealth).
   651 | D:1      | 651 ||| Stepping ~*~*~tactically~*~*~ (stealth).
   654 | D:1      | 654 ||| Stepping ~*~*~tactically~*~*~ (stealth).
   656 | D:1      | 656 ||| Stepping ~*~*~tactically~*~*~ (stealth).
   715 | D:1      | 715 ||| READING scroll labelled LYMAUD GUNUOJ.
   716 | D:1      | 716 ||| READING scroll labelled GENYAL BIUDUWN.
   732 | D:1      | 732 ||| Stepping ~*~*~tactically~*~*~ (stealth).
   733 | D:1      | 733 ||| Stepping ~*~*~tactically~*~*~ (stealth).
   913 | D:1      | 913 ||| READING scroll labelled FOOLEN LEISI.
   914 | D:1      | 914 ||| DRINKING 2 purple potions.
  1111 | D:2      | 1111 ||| Stepping ~*~*~tactically~*~*~ (hiding).
  1112 | D:2      | 1112 ||| Stepping ~*~*~tactically~*~*~ (hiding).
  1113 | D:2      | 1113 ||| Stepping ~*~*~tactically~*~*~ (hiding).
  1232 | D:2      | 1232 ||| READING scroll of enchant weapon.
  1232 | D:2      | 1232 ||| ENCHANTING +1 war axe.
  1272 | D:2      | 1272 ||| Stepping ~*~*~tactically~*~*~ (hiding).
  1279 | D:2      | Reached XP level 4. HP: 17/28 MP: 4/4
  1287 | D:2      | Reached skill level 4 in Axes
  1462 | D:2      | 1462 ||| DROPPING +0 whip.
  1578 | D:2      | 1578 ||| Stepping ~*~*~tactically~*~*~ (stealth).
  1582 | D:2      | 1582 ||| Stepping ~*~*~tactically~*~*~ (hiding).
  1734 | D:2      | Reached XP level 5. HP: 32/32 MP: 5/5
  1765 | D:2      | Slain by a gnoll

Levels and vault maps discovered:
D:1:      amcnicky_arrival_blooded_trapdoor, layout_basic, nicolae_the_louvre
D:2:      layout_loops_ring, corexii_item_surrounded_by_moat,
          minmay_pentomino_q4

Skill      XL: |  1  2  3  4 |
---------------+-------------+-----
Axes           | 2 3 4 |  4.8
Fighting       | |  3.2
Armour         | |  3.2
Shields        | |  3.2

Action                     |  1- 3 |  4- 6 || total
---------------------------+-------+-------++-------
  Melee: War axe           |   113 |    60 ||   173
    Use: Scroll            |     4 |       ||     4
         Potion            |     1 |       ||     1
 Armour: Scale mail        |    50 |    25 ||    75
  Dodge: Dodged            |    41 |    42 ||    83
  Block: Buckler           |    22 |     5 ||    27

Table legend:
 A = Non-vault XP
 B = Vault XP
 C = Vault XP percentage of total XP
 D = Non-vault monster count
 E = Vault monster count
 F = Vault count percentage of total count
                 A         B        C        D         E       F
            +---------+---------+-------+---------+---------+-------
      Total |     178 |      21 |  10.6 |      54 |       4 |   6.9
            +---------+---------+-------+---------+---------+-------
        D:1 |      54 |       0 |   0.0 |      31 |       0 |   0.0
        D:2 |     124 |      21 |  14.5 |      23 |       4 |  14.8
            +---------+---------+-------+---------+---------+-------
